 Dungeon Crawl Stone Soup version 0.27.0-65-ge2af304b15 (webtiles) character file.

Game seed: 5139867121942975583

37 RascalDebosk the Skirmisher (level 3, -9/46 HPs)
             Began as a Draconian Berserker on Aug 18, 2021.
             Was a Follower of Trog.
             Mangled by Crazy Yiuf (13 damage)
             ... on level 2 of the Dungeon.
             The game lasted 00:04:40 (1257 turns).

RascalDebosk the Skirmisher (Draconian Berserker)   Turns: 1257, Time: 00:04:41

Health: -9/46      AC:  5    Str: 20    XL:     3   Next: 21%
Magic:  3/3        EV: 12    Int:  7    God:    Trog [*.....]
Gold:   50         SH:  0    Dex: 10    Spells: 2/2 levels left

rFire    . . .     SeeInvis .   a - +0 hand axe
rCold    . . .     Faith    .   (no shield)
rNeg     . . .     Spirit   .   (armour unavailable)
rPois    .         Reflect  .   (helmet restricted)
rElec    .         Harm     .   (no cloak)
rCorr    .         Rampage  .   (no gloves)
Will     .....                  (no boots)
Stlth    ..........             (no amulet)
HPRegen  0.15/turn              (no ring)
MPRegen  0.08/turn              (no ring)

@: berserking, lethally poisoned (-9 -> -27), very quick
A: AC +5, unfitting armour, cold-blooded
a: Renounce Religion, Berserk


You were on level 2 of the Dungeon.
You worshipped Trog.
Trog was aware of your devotion.
You visited 1 branch of the dungeon, and saw 2 of its levels.

You collected 50 gold pieces.

Inventory:

Hand Weapons
 a - a +0 hand axe (weapon)
Scrolls
 c - a scroll of teleportation {unknown}
 d - 4 scrolls of amnesia {unknown}
 f - a scroll of identify {unknown}
 g - a scroll of brand weapon {unknown}
Potions
 b - 2 potions of curing {unknown}
 e - a potion of degeneration {unknown}


   Skills:
 + Level 3.5 Fighting
 * Level 3.4 Axes
 + Level 2.9 Dodging
 * Level 1.5 Stealth


You had 2 spell levels left.
You didn't know any spells.
Your spell library was empty.

Dungeon Overview and Level Annotations

Branches:
Dungeon (2/15)

Altars:

Annotations:
D:2 Crazy Yiuf


Innate Abilities, Weirdness & Mutations

Your plain brown scales are hard. (AC +5)
You cannot fit into any form of body armour.
You are cold-blooded and may be slowed by cold attacks.


Message History

The goblin is heavily wounded.
The goblin closely misses you.
You barely miss the goblin. You tail-slap the goblin.
You kill the goblin!
Trog accepts your kill.
You see here a +0 club.
Found a mace.
Found a runed translucent door.
You open the door.
A red film seems to cover your vision as you go berserk!
You feel yourself moving faster!
You feel mighty!
Crazy Yiuf shouts!
You feel a strong urge to attack something.
There is an open translucent door here.
You hit Crazy Yiuf.
Crazy Yiuf is lightly wounded.
Crazy Yiuf hits you with a +4 quarterstaff of chaos.
Crazy Yiuf burns you.
You barely miss Crazy Yiuf.
Crazy Yiuf is lightly wounded.
Crazy Yiuf hits you with a +4 quarterstaff of chaos!
You are poisoned.
You barely miss Crazy Yiuf.
Crazy Yiuf is lightly wounded.
You feel very sick.
You closely miss Crazy Yiuf.
Crazy Yiuf is lightly wounded.
You feel very sick. Crazy Yiuf closely misses you.
You hit Crazy Yiuf.
Crazy Yiuf is heavily wounded.
You feel very sick.
Crazy Yiuf hits you with a +4 quarterstaff of chaos!
* * * LOW HITPOINT WARNING * * *
You are more poisoned.
You barely miss Crazy Yiuf. You tail-slap Crazy Yiuf!
Crazy Yiuf is almost dead.
* * * LOW HITPOINT WARNING * * *
You feel very sick.
Crazy Yiuf hits you with a +4 quarterstaff of chaos!
You die...

#####
#..)#
#...#
#.g.#
#@#
##.#
#.##
#..
##.#
#.#
#.##
#.# .
##.##
#.# .
#...##
#.# .
#....#
#.# #
#....#
#.####
#


You could see Crazy Yiuf.

Vanquished Creatures
  3 gnolls (D:2)
  A giant cockroach (D:1)
  2 goblins
  A quokka (D:1)
  A kobold (D:1)
  A rat (D:1)
9 creatures vanquished.

Notes
Turn   | Place    | Note
-------+----------+-------------------------------------------
     0 | D:1      | RascalDebosk the Draconian Berserker began the quest for
                  | the Orb.
     0 | D:1      | Reached XP level 1. HP: 19/19 MP: 1/1
     4 | D:1      | Noticed a seven-headed hydra
   193 | D:1      | Found a faded altar of an unknown god.
   920 | D:1      | Noticed a black mamba
   967 | D:2      | Reached skill level 1 in Stealth
   967 | D:2      | Reached XP level 2. HP: 12/26 MP: 2/2
   974 | D:2      | Reached XP level 3. HP: 10/31 MP: 3/3
  1245 | D:2      | Found a runed translucent door.
  1246 | D:2      | Noticed Crazy Yiuf
  1257 | D:2      | Mangled by Crazy Yiuf

Illustrated notes

Levels and vault maps discovered:
D:1:      sevenhm_arrival_forest_fort_small_2, layout_loops_ring,
          ebering_ecumenical_altar_abandoned
D:2:      layout_basic, uniq_crazy_yiuf_cottage

Skill      XL: |  1 |
---------------+----+-----
Stealth        | 1 |  1.5
Fighting       | |  3.5
Axes           | |  3.4
Dodging        | |  2.9

Action                   || total
-------------------------++-------
Melee: Hand axe          ||    36
       Tailslap          ||     5
Invok: Berserk           ||     2
Armor: Skin              ||     7
Dodge: Dodged            ||    18
